 Dungeon Crawl Stone Soup version 0.23-a0-573-g25f4479 (webtiles) character file.

99527 Blackhawk the Tortoise (level 15, -8/141 HPs)
             Began as a Minotaur Berserker on Dec 13, 2018.
             Was the Champion of Trog.
             Killed from afar by Nikola (11 damage)
             ... with a chain lightning
             ... on level 3 of the Spider Nest.
             The game lasted 00:59:54 (25650 turns).

Blackhawk the Tortoise (Minotaur Berserker)        Turns: 25650, Time: 00:59:55

Health: -8/141     AC: 28    Str: 37    XL:     15   Next: 78%
Magic:  20/20      EV: 13    Int:  4    God:    Trog [******]
Gold:   1296       SH:  9    Dex: 10    Spells: 14/14 levels left

rFire    x . .     SeeInvis .   A - +4 war axe of Causality {flame, rPois Str+9}
rCold    + + .     Gourm    .   u - +0 shield
rNeg     . . .     Faith    +   k - +5 ice dragon scales
rPois    +         Spirit   .   (helmet unavailable)
rElec    .         Reflect  .   z - scarf {repulsion}
rCorr    .         Harm     .   (no gloves)
MR       +....                  M - +0 pair of boots
Stlth    ..........             t - amulet of faith
HPRegen  0.33/turn              b - +4 ring of protection
MPRegen  0.17/turn              I - +2 ring of strength

@: repel missiles
A: retaliatory headbutt, horns 3, repulsion field 1, blurry vision 1, weak 1
a: Berserk, Trog's Hand, Brothers in Arms, Renounce Religion


You were on level 3 of the Spider Nest.
You worshipped Trog.
Trog was exalted by your worship.
You were not hungry.

You visited 3 branches of the dungeon, and saw 22 of its levels.
You visited the Abyss 2 times.

You collected 1296 gold pieces.

Inventory:

Hand Weapons
 e - a +1 executioner's axe of chopping
 A - the +4 war axe of Causality (weapon) {flame, rPois Str+9}
   (You found it on level 2 of the Lair of Beasts)

   It has been specially enchanted to burn those struck by it, causing extra
   injury to most foes and up to half again as much damage against particularly
   susceptible opponents.
   Big, fiery blades are also staple armaments of hydra-hunters.
   It affects your strength (+9).
   It protects you from poison.
 L - the +8 spear "Nyufify" {antimagic, +Blink rPois MR- Int+7}
   (You found it on level 8 of the Dungeon)

   It reduces the magical energy of the wielder, and disrupts the spells and
   magical abilities of those hit.
   Natural abilities and divine invocations are not affected.
   It affects your intelligence (+7).
   It protects you from poison.
   It affects your resistance to hostile enchantments.
   It lets you blink.
Missiles
 m - 4 throwing nets (quivered)
 r - 42 bolts
 y - 143 sling bullets
Armour
 k - +5 ice dragon scales (worn)
 u - a +0 shield (worn)
 x - +0 fire dragon scales
 z - a scarf of repulsion (worn)
 M - a +0 pair of boots (worn)
Jewellery
 b - a +4 ring of protection (left hand)
 n - an uncursed ring of protection from magic
 p - an uncursed ring of positive energy
 q - an uncursed ring of protection from fire
 t - an amulet of faith (around neck)
 I - a +2 ring of strength (right hand)
 O - the ring of Starshine {Fire rPois}
   (You found it on level 12 of the Dungeon)

   [ring of fire]

   It enhances your fire magic.
   It protects you from fire.
   It makes you vulnerable to cold.
   It protects you from poison.
Wands
 D - a wand of flame (40)
 E - a wand of clouds (8)
 F - a wand of iceblast (6)
 H - a wand of polymorph (21)
 P - a wand of enslavement (8)
 S - a wand of scattershot (7)
 U - a wand of digging (10)
 W - a wand of acid (11)
Scrolls
 d - 8 scrolls of magic mapping
 g - a scroll of fog {unknown}
 h - 6 scrolls of remove curse
 G - 3 scrolls of immolation
 J - 2 scrolls of acquirement {unknown}
 K - a scroll of enchant weapon {unknown}
 N - a scroll of brand weapon {unknown}
 Q - 3 scrolls of fear {unknown}
 R - 2 scrolls of vulnerability {unknown}
 T - 4 scrolls of blinking
 V - 4 scrolls of teleportation
 X - a scroll of holy word {unknown}
Potions
 a - 4 potions of mutation
 f - a potion of agility
 i - 2 potions of berserk rage
 j - 3 potions of cancellation {unknown}
 l - 4 potions of lignification
 o - 4 potions of brilliance
 s - 3 potions of haste
 v - 6 potions of curing
 w - 7 potions of might
 Y - 2 potions of flight {unknown}
 Z - a potion of heal wounds {unknown}
Comestibles
 c - 31 rations


   Skills:
 + Level 15.4 Fighting
 + Level 14.9(15.5) Axes
 - Level 8.0(12.5) Polearms
 * Level 20.1 Armour
 + Level 8.0 Dodging
 - Level 8.0 Evocations


You had 14 spell levels left.
You didn't know any spells.
Your spell library was empty.

Dungeon Overview and Level Annotations

Branches:
Dungeon (13/15)            Temple (0/1) D:6            Lair (6/6) D:9
 Shoals (0/4) Lair:4       Spider (2/4) Lair:4        Slime (0/5) Lair:5
    Orc: D:9-12      Vaults: D:13-14

Altars:
Dithmenos
Elyvilon
Kikubaaqudgha
Okawaru
Qazlal
Wu Jian
Xom
Beogh
Jiyva

Shops:
D:4 *   D:5 :   D:6 *

Annotations:
D:6 3 runed doors, thesun's ghost, novice MiFi
Lair:2 exclusion: 4 oklob plants
Spider:1 1 runed door, justbritto's ghost, journeyman DrMo
Spider:3 Nikola


Innate Abilities, Weirdness & Mutations

You reflexively headbutt those who attack you in melee.
You have a pair of large horns on your head.
You are surrounded by a mild repulsion field. (EV +2)
Scrolls take you a little longer to read.
You are weak. (Str -2)


Message History

Nikola gestures wildly while chanting.
You hear a mighty clap of thunder!
The lightning arc hits the moth of wrath.
The lightning arc hits Nikola.
The lightning arc hits the moth of wrath.
The moth of wrath dies!
The lightning arc hits you!
* * * LOW HITPOINT WARNING * * *
The lightning arc grounds out.
You hear an angry hiss. x3; You hear an angry buzzing noise.
You hear an angry hiss.
You hear an angry buzzing noise.
You hear an angry hiss.
You slash Nikola! You burn Nikola.
Nikola is almost dead.
Nikola gestures wildly while chanting.
You hear a mighty clap of thunder!
The lightning arc hits you!
* * * LOW HITPOINT WARNING * * *
The lightning arc hits Nikola.
The lightning arc hits you!
You die...

#. ≈. .# #≈ ...
#≈##.#. .......
##...#...
#####..^.^...
##.#..^....^..
###^^...@.#...#
#≈#.†.##@.#.. .
#≈≈#†.(......
##≈††.†......#
###......^#...
#..##..?......
##.....^.....^
.^..#..#.....
......#..##


You could see Nikola.

Vanquished Creatures
  2 liches
  Frances (Spider:1)
  A ghost moth (Spider:1)
  Nessos (Lair:6)
  A dire elephant (Lair:6)
  Azrael (D:12)
  Snorg (D:12)
  The ghost of Caerwyn the Thaumaturge, a journeyman GnVM of Ashenzari (D:12)
  Josephine (Lair:4)
  7 hydras
  Fannar (Lair:1)
  Harold (D:11)
  Erica (D:8)
  2 two-headed ogres
  6 death yaks
  A thrashing horror (Abyss:3)
  A wretched star (Abyss:1)
  Urug (D:10)
  Sonja (D:10)
  A spatial maelstrom (Abyss:1)
  A glowing orange brain (Abyss:1)
  2 large abominations (Abyss:1)
  3 lindwurms (Lair:6)
  11 wolf spiders
  An ugly thing (D:11)
  A wizard (Abyss:1)
  3 orb spiders
  A deep elf mage (D:12)
  2 manticores
  3 centaur zombies
  Psyche (D:8)
  2 molten gargoyles (Lair:4)
  2 black mambas (Lair:6)
  12 elephants
  4 torpor snails
  18 spiny frogs
  7 rime drakes
  7 komodo dragons
  2 demonic crawlers (Spider:1)
  An ancient zyme (Abyss:1)
  A troll (D:10)
  14 jumping spiders
  4 polar bears (Lair:6)
  A queen bee (Lair:2)
  2 hornets (Spider:1)
  24 blink frogs
  A meliai zombie (D:11)
  5 hippogriffs
  2 slime creatures (D:12)
  7 dream sheep
  A centaur simulacrum (D:12)
  A shadow (D:11)
  3 wraiths (Lair:4)
  Sigmund (D:2)
  34 redbacks
  8 tarantellas
  76 yaks
  7 wyverns
  2 neqoxecs
  Eustachio (D:4)
  3 fire elementals (D:12)
  7 basilisks
  Grum (D:7)
  2 chaos spawn (D:10)
  2 hungry ghosts
  Menkaure (D:5)
  An acid dragon (D:11)
  4 hell hounds
  16 water moccasins
  3 orc warriors
  8 porcupines
  A small abomination (Abyss:1)
  3 ice beasts
  5 sky beasts
  A black bear (D:8)
  2 phantoms
  9 ogres
  15 wolves
  2 centaurs (D:7)
  12 crocodiles
  5 big kobolds
  17 bullfrogs
  A gnoll sergeant (D:5)
  2 scorpions
  33 killer bees
  An electric eel (Spider:2)
  3 wights (D:8)
  3 howler monkeys
  5 lava snakes (Lair:4)
  3 bullfrog skeletons
  4 centaur skeletons
  A gnoll shaman (D:5)
  3 orc priests
  7 hounds
  2 jellies
  4 orc wizards
  A hell rat (D:8)
  An iguana (D:9)
  9 worker ants
  A killer bee zombie (D:5)
  4 bullfrog simulacra (D:12)
  A hound skeleton (D:4)
  13 gnolls
  7 adders
  6 river rats (D:8)
  2 shadow imps
  An ufetubus (Abyss:1)
  An ooze (D:3)
  2 adder skeletons
  4 worms
  2 dart slugs
  4 leopard geckos
  12 orcs
  7 giant cockroaches
  5 goblins
  13 hobgoblins
  13 jackals
  5 kobolds
  8 quokkas
  A ball python (D:3)
  3 bats
  7 frilled lizards
  A leopard gecko zombie (D:6)
  A quokka zombie (D:5)
  25 rats
  3 fungi
667 creatures vanquished.

Vanquished Creatures (others)
  An orb spider (Spider:2)
  A wolf spider (Spider:3)
  A moth of wrath (Spider:3)
  A redback (Spider:2)
  8 fungi
  5 plants
  6 starspawn tentacles (Abyss:1)
23 creatures vanquished.

Grand Total: 690 creatures vanquished

Notes
Turn   | Place    | Note
-------+----------+-------------------------------------------
     0 | D:1      | Blackhawk the Minotaur Berserker began the quest for the
                  | Orb.
     0 | D:1      | Reached XP level 1. HP: 19/19 MP: 0/0
   118 | D:1      | Reached XP level 2. HP: 27/27 MP: 1/1
   740 | D:1      | Reached ** piety under Trog
   740 | D:1      | Reached skill level 3 in Armour
   817 | D:1      | Reached XP level 3. HP: 33/33 MP: 2/2
  1205 | D:2      | Noticed Sigmund
  1209 | D:2      | Killed Sigmund
  1209 | D:2      | Reached skill level 4 in Armour
  1209 | D:2      | Reached XP level 4. HP: 41/41 MP: 3/3
  1209 | D:2      | Reached XP level 5. HP: 47/47 MP: 4/4
  1951 | D:3      | Reached skill level 5 in Armour
  1955 | D:3      | Reached skill level 5 in Fighting
  1955 | D:3      | Reached skill level 5 in Axes
  1988 | D:3      | Found an ornate altar of the Wu Jian Council.
  2083 | D:3      | Reached XP level 6. HP: 56/56 MP: 5/5
  2234 | D:3      | Reached *** piety under Trog
  2286 | D:3      | Found a stormy altar of Qazlal.
  2288 | D:3      | Found a sacrificial altar of Ru.
  2288 | D:3      | Found an ancient bone altar of Kikubaaqudgha.
  2339 | D:3      | Found an ornate altar of the Wu Jian Council.
  2339 | D:3      | Found a shadowy altar of Dithmenos.
  2339 | D:3      | Found a shimmering altar of Xom.
  2467 | D:3      | Found an iron altar of Okawaru.
  2660 | D:4      | Reached skill level 6 in Armour
  2808 | D:4      | Noticed Eustachio
  2870 | D:4      | Killed Eustachio
  2870 | D:4      | Reached XP level 7. HP: 53/62 MP: 6/6
  3199 | D:4      | Found Purr's Assorted Antiques.
  3260 | D:4      | Reached skill level 7 in Armour
  3969 | D:5      | Entered Level 5 of the Dungeon
  4039 | D:5      | Noticed Menkaure
  4054 | D:5      | Killed Menkaure
  4405 | D:5      | Found Muceer's Book Emporium.
  4574 | D:5      | Reached skill level 8 in Armour
  4574 | D:5      | Reached XP level 8. HP: 71/71 MP: 7/7
  4753 | D:5      | Reached **** piety under Trog
  5212 | D:6      | Found a staircase to the Ecumenical Temple.
  5426 | D:6      | Found Orphosk's Elemental Accessories.
  5528 | D:6      | Found a runed gate.
  5528 | D:6      | Found a runed gate.
  5533 | D:6      | Found a runed gate.
  5533 | D:6      | Found a roughly hewn altar of Beogh.
  5533 | D:6      | Noticed thesun's ghost (novice MiFi)
  6036 | D:7      | Reached skill level 9 in Armour
  6174 | D:7      | Found an ancient bone altar of Kikubaaqudgha.
  6587 | D:7      | Reached skill level 10 in Armour
  6587 | D:7      | Reached XP level 9. HP: 57/81 MP: 8/8
  6762 | D:8      | Noticed Grum
  6823 | D:7      | Killed Grum
  7167 | D:8      | Noticed Erica
  7182 | D:8      | Killed Erica
  7182 | D:8      | Reached skill level 11 in Armour
  7540 | D:8      | Got an ichor-stained spear
  7636 | D:8      | Identified the +8 spear "Nyufify" {antimagic, +Blink rPois
                  | MR- Int+7} (You found it on level 8 of the Dungeon)
  7813 | D:8      | Reached skill level 1 in Polearms
  7813 | D:8      | Reached skill level 12 in Armour
  7813 | D:8      | Reached XP level 10. HP: 91/91 MP: 3/9
  7994 | D:8      | Noticed a three-headed hydra
  8019 | D:8      | Killed a three-headed hydra
  8019 | D:8      | Reached skill level 10 in Fighting
  8346 | D:8      | Noticed Psyche
  8355 | D:8      | Killed Psyche
  8355 | D:8      | Reached skill level 13 in Armour
  8520 | D:8      | Found the +2 ratskin cloak {+Rats rPois rN+ Str-1 Int-1
                  | Dex+1}
  8931 | D:9      | Found a white marble altar of Elyvilon.
  9124 | D:9      | Reached ***** piety under Trog
  9227 | D:9      | Found a staircase to the Lair.
  9990 | D:10     | Entered Level 10 of the Dungeon
 10016 | D:10     | Found a shimmering altar of Xom.
 10022 | D:10     | Found the +7 mace of Variability {chain chaos}
 10032 | D:10     | Reached skill level 1 in Evocations
 10118 | D:10     | Noticed Urug
 10127 | D:10     | Killed Urug
 10127 | D:10     | Reached skill level 5 in Polearms
 10127 | D:10     | Reached XP level 11. HP: 101/101 MP: 3/11
 10589 | D:10     | Reached skill level 10 in Axes
 10696 | D:10     | Noticed Sonja
 10707 | D:10     | Cast into level 1 of the Abyss (Sonja)
 10727 | Abyss:1  | Noticed a glowing orange brain
 10745 | Abyss:1  | Killed a glowing orange brain
 10804 | Abyss:1  | Noticed a large abomination
 10805 | Abyss:1  | Noticed a spatial maelstrom
 10807 | Abyss:1  | Noticed a wizard
 10810 | Abyss:1  | Killed a large abomination
 10810 | Abyss:1  | Reached skill level 14 in Armour
 10814 | Abyss:1  | Killed a spatial maelstrom
 10817 | Abyss:1  | Killed a wizard
 10953 | Abyss:1  | Noticed a wretched star
 10966 | Abyss:1  | Killed a wretched star
 11074 | Abyss:1  | Noticed a sixfirhy
 11115 | Abyss:1  | Noticed a tentacled starspawn
 11124 | Abyss:1  | Found a corrupted altar of Lugonu.
 11188 | Abyss:1  | Gained mutation: You are surrounded by a mild repulsion
                  | field. (EV +2) [a neqoxec]
 11284 | Abyss:1  | Noticed a lich
 11296 | Abyss:1  | Noticed a phantasmal warrior
 11296 | Abyss:1  | Killed a lich
 11300 | D:10     | Escaped the Abyss
 11301 | D:10     | Gained mutation: You are weak. (Str -2) [a neqoxec]
 11317 | D:10     | Gained mutation: You have a pair of large horns on your
                  | head. [a neqoxec]
 11628 | Lair:1   | Entered Level 1 of the Lair of Beasts
 11840 | Lair:1   | Noticed Fannar
 11884 | Lair:1   | Reached XP level 12. HP: 110/110 MP: 4/14
 11901 | Lair:1   | Reached skill level 15 in Armour
 11929 | Lair:1   | Killed Fannar
 12100 | Lair:1   | You fall through a shaft!
 12141 | Lair:2   | Got a transparent war axe
 12212 | Lair:2   | Received a gift from Trog
 12972 | Lair:1   | Cast into level 3 of the Abyss (a distortion unwield)
 12995 | Abyss:3  | Noticed a lich
 13015 | Abyss:3  | Noticed a hell beast
 13022 | Abyss:3  | Killed a lich
 13026 | Abyss:3  | Reached skill level 5 in Evocations
 13029 | Lair:1   | Escaped the Abyss
 13215 | Lair:1   | Identified the +4 war axe of Causality {flame, rPois Str+9}
                  | (You found it on level 2 of the Lair of Beasts)
 13605 | Lair:2   | Reached skill level 16 in Armour
 13949 | Lair:2   | Reached XP level 13. HP: 119/119 MP: 16/16
 14986 | Lair:3   | Got a crude trident
 15980 | Lair:4   | Found a staircase to the Shoals.
 16009 | Lair:4   | Reached skill level 17 in Armour
 16223 | Lair:4   | Noticed Josephine
 16236 | Lair:4   | Killed Josephine
 16236 | Lair:4   | Received a gift from Trog
 16611 | Lair:4   | Found a hole to the Spider Nest.
 16850 | Lair:4   | Identified the +6 trident of Invincibility {pierce, *Noise
                  | Int+7} (You found it on level 3 of the Lair of Beasts)
 17189 | Lair:5   | Reached XP level 14. HP: 110/129 MP: 18/18
 17955 | Lair:5   | Found a viscous altar of Jiyva.
 17955 | Lair:5   | Found a staircase to the Slime Pits.
 18058 | Lair:6   | Entered Level 6 of the Lair of Beasts
 18077 | Lair:6   | Received a gift from Trog
 18190 | Lair:6   | Reached skill level 18 in Armour
 18604 | Lair:6   | Noticed Nessos
 18623 | Lair:6   | Killed Nessos
 19138 | Lair:6   | Received a gift from Trog
 19425 | Lair:6   | Reached ****** piety under Trog
 19508 | Lair:6   | Reached skill level 5 in Dodging
 20468 | D:11     | Reached skill level 19 in Armour
 20590 | D:11     | Noticed Harold
 20604 | D:11     | Killed Harold
 20654 | D:10     | Killed Sonja
 20667 | D:10     | Gained mutation: Scrolls take you a little longer to read.
                  | [a neqoxec]
 20832 | D:11     | Reached XP level 15. HP: 139/139 MP: 20/20
 21610 | D:12     | Noticed Azrael
 21920 | D:12     | Killed Azrael
 22074 | D:12     | Found a runed gate.
 22085 | D:12     | Found a runed gate.
 22086 | D:12     | Found a runed gate.
 22416 | D:12     | Noticed Caerwyn's ghost (journeyman GnVM)
 22579 | D:12     | Noticed Snorg
 22589 | D:12     | Killed Snorg
 22589 | D:12     | Received a gift from Trog
 22846 | D:12     | Killed Caerwyn's ghost
 22911 | D:12     | Got the ring of Starshine {Fire}
 23231 | Spider:1 | Entered Level 1 of the Spider Nest
 23257 | Spider:1 | Killed a ghost moth
 23591 | Spider:1 | Reached skill level 15 in Fighting
 23733 | Spider:1 | Noticed Frances
 23755 | Spider:1 | Killed Frances
 24150 | Spider:1 | Received a gift from Trog
 24541 | Spider:1 | Found a runed door.
 24541 | Spider:1 | Noticed justbritto's ghost (journeyman DrMo)
 24886 | Spider:2 | Reached skill level 20 in Armour
 25596 | Spider:2 | You fall through a shaft!
 25597 | Spider:3 | Noticed Nikola
 25634 | Spider:3 | HP: 1/141 [Nikola/bolt of lightning (24)]
 25650 | Spider:3 | HP: 3/141 [Nikola/chain lightning (19)]
 25650 | Spider:3 | Killed from afar by Nikola

Vault maps used:
D:1:      onia_arrival_larder
D:2:      serial_forest, infiniplex_forest_clump_long,
          infiniplex_forest_lined_room_2, infiniplex_forest_straight_1,
          infiniplex_forest_straight_5, infiniplex_forest_straight_5,
          uniq_sigmund
D:3:      kennysheep_okawaru_gauntlet, overflow_temple_1_default,
          chequers_serial_rivers_micro_d, doesnt_xom_only_xom
D:4:      first_ration, serial_shops, nicolae_shop_stone, uniq_eustachio
D:5:      serial_gnoll_camp, gnoll_camp_mini_hut, gnoll_camp_mini_hut,
          gnoll_camp_mini_hut, gnoll_camp_mini_doghouse,
          gnoll_camp_mini_sergeant, serial_shops, shop, chequers_jeans,
          uniq_menkaure
D:6:      minmay_temple_entry_tees, serial_corexii_hall, corexii_hall_statues_u,
          chequers_hall_statues_corner_a, corexii_hall_statues_t,
          chequers_hall_statues_y, biasface_ghost_orc_armoury,
          nicolae_elemental_shop
D:7:      kiku_gazebo_garden_becter
D:8:      wander_guarded_unrand_ratskin, hangedman_ranch,
          kennysheep_generic_room_14, uniq_psyche, uniq_erica, uniq_grum
D:9:      lemuel_round_altar, david_lair_shrubbed
D:10:     david_orc_4, minmay_guarded_unrand_variability, uniq_sonja, uniq_urug
D:11:     kennysheep_generic_room_15, uniq_harold
D:12:     gammafunk_ghost_icy, uniq_azrael, uniq_snorg
D:13:     minivault_16
Lair:1:   infiniplex_staircase_pool, lemuel_fruit_tree, uniq_fannar
Lair:2:   hangedman_what_comes_after_a
Lair:4:   cheibrodos_magma_flow, elwin_shoals_entry_rocks,
          spider_nest_entry_rubble, uniq_josephine
Lair:5:   slime_altar_1, serial_bayou_shore_b
Lair:6:   hangedman_lair_in_review, cheibrodos_lair_lostbears,
          lemuel_fruit_fields, uniq_nessos
Spider:1: ebering_ghost_inner_flame, uniq_frances
Spider:2: spiders_nest_spider_trap
Spider:3: uniq_nikola
Abyss:3:  evilmike_abyss_exit_17

Skill      XL: |  1  2  3  4  5  6  7  8  9 10 11 12 13 14 15 |
---------------+----------------------------------------------+-----
Axes           | 4 5 6 7 9 10 11 13 14 | 14.9
Fighting       | 4 5 6 8 9 10 11 12 13 14 15 | 15.4
Armour         | 3 4 5 6 8 10 12 13 14 16 17 19 20 | 20.1
Polearms       | 1 5 6 8 |  8.0
Evocations     | 1 4 5 7 8 |  8.0
Dodging        | 6 8 |  8.0

Action                   |  1- 3 |  4- 6 |  7- 9 | 10-12 | 13-15 || total
-------------------------+-------+-------+-------+-------+-------++-------
Melee: Hand axe          |    58 |   131 |   264 |       |       ||   453
       Headbutt          |     9 |    19 |    73 |   134 |   205 ||   440
       Spear             |       |       |    16 |   519 |       ||   535
       War axe           |       |       |       |   104 |   821 ||   925
Invok: Berserk           |     2 |     2 |     8 |    15 |    20 ||    47
       Trog's Hand       |       |       |       |     1 |     2 ||     3
 Abil: Evoke Blink       |       |       |       |     2 |       ||     2
  Use: Scroll            |       |     4 |     5 |    11 |     7 ||    27
       Potion            |       |       |       |       |     3 ||     3
 Stab: Distracted        |       |       |       |       |     1 ||     1
  Eat: Chunk             |     2 |     8 |    24 |    23 |    41 ||    98
       Ration            |       |       |       |     4 |     5 ||     9
Armor: Animal skin       |     9 |       |       |       |       ||     9
       Ice dragon scales |     7 |    66 |   124 |   232 |   468 ||   897
       Fire dragon scale |       |       |       |       |     4 ||     4
Dodge: Dodged            |    33 |    30 |    86 |   170 |   347 ||   666
       Deflected         |       |       |       |     7 |     7 ||    14
Block: Shield            |     1 |    41 |   101 |   163 |   342 ||   648

Table legend:
 A = Non-vault XP
 B = Vault XP
 C = Vault XP percentage of total XP
 D = Non-vault monster count
 E = Vault monster count
 F = Vault count percentage of total count
                 A         B        C        D         E       F
            +---------+---------+-------+---------+---------+-------
      Total |   99362 |   42820 |  30.1 |     484 |     182 |  27.3
            +---------+---------+-------+---------+---------+-------
        D:1 |      36 |       9 |  20.0 |      20 |       7 |  25.9
        D:2 |      12 |     220 |  94.8 |       6 |       1 |  14.3
        D:3 |     183 |       0 |   0.0 |      38 |       0 |   0.0
        D:4 |     407 |     197 |  32.6 |      22 |       1 |   4.3
        D:5 |      91 |     471 |  83.8 |       7 |      16 |  69.6
        D:6 |     173 |       0 |   0.0 |       5 |       0 |   0.0
        D:7 |    1306 |     643 |  33.0 |      16 |       5 |  23.8
        D:8 |    1049 |    3847 |  78.6 |      14 |      32 |  69.6
        D:9 |     913 |     496 |  35.2 |      17 |       2 |  10.5
       D:10 |    1926 |    2013 |  51.1 |      17 |       6 |  26.1
       D:11 |    5614 |    1844 |  24.7 |      26 |       4 |  13.3
       D:12 |    3487 |    5619 |  61.7 |       8 |      16 |  66.7
       D:13 |     133 |       0 |   0.0 |       1 |       0 |   0.0
     Lair:1 |    2557 |     995 |  28.0 |      14 |       1 |   6.7
     Lair:2 |    6256 |    7028 |  52.9 |      25 |      52 |  67.5
     Lair:3 |    5283 |       0 |   0.0 |      25 |       0 |   0.0
     Lair:4 |   12534 |    3119 |  19.9 |      43 |      12 |  21.8
     Lair:5 |    6021 |       0 |   0.0 |      30 |       0 |   0.0
     Lair:6 |   15880 |   13244 |  45.5 |      58 |      25 |  30.1
   Spider:1 |   18449 |    2248 |  10.9 |      52 |       1 |   1.9
   Spider:2 |    5887 |       0 |   0.0 |      23 |       0 |   0.0
   Spider:3 |    1305 |       0 |   0.0 |       5 |       0 |   0.0
    Abyss:1 |    7363 |       0 |   0.0 |      11 |       0 |   0.0
    Abyss:3 |    2497 |     827 |  24.9 |       1 |       1 |  50.0
            +---------+---------+-------+---------+---------+-------
